AoeStats
← EdadCoñal

Pilgrims

508092897Analyzed
2v2 RM · 11d ago on Sep 20, 2026· 55m 7s· 4 players
Game mode
Random Map
Map size
Medium (4 player)
Population
200
Speed
Normal
Resources
Standard
Victory
Conquest
Starting age
Dark Age
Ending age
Imperial Age
RankedLock teamsTeams togetherTeam positionsShared explorationLock speedFull tech treeHidden civsTurbo modeCheats
Victory
Defeat
🇪🇸 Chinese · Spain
766
+13
🇪🇸 Bulgarians · Spain
728
+14
🇸🇪 Franks · Sweden
697
-13
🇬🇧 Byzantines · United Kingdom
697
-14
La Polla Persa
12:29 Feudal Age
21:22 Arson
21:43 Horse Collar
21:54 Double-Bit Axe
28:46 Castle Age
29:39 Medium Warships
30:57 Forging
30:54 Scale Barding Armor
31:21 Fishing Lines
33:06 Wheelbarrow
32:34 Stone Mining
32:35 Gold Mining
32:48 Heavy Plow
33:01 Bow Saw
36:49 Imperial Age
38:25 Husbandry
41:07 Conscription
45:25 Capped Ram
EdadCoñal
10:06 Loom
12:27 Feudal Age
13:50 Horse Collar
18:54 Double-Bit Axe
19:13 Stone Mining
21:37 Castle Age
23:28 Wheelbarrow
24:37 Stone Shaft Mining
26:02 Fletching
26:12 Padded Archer Armor
27:14 Gold Mining
27:42 Hand Cart
27:15 Town Watch
32:15 Bodkin Arrow
37:05 Ballistics
39:33 Imperial Age
38:35 Forging
40:46 Conscription
42:36 Squires
43:14 Iron Casting
42:40 Bracer
42:56 Leather Archer Armor
42:43 Scale Mail Armor
49:04 Elite Fire Lancer
Macky
6:24 Loom
15:04 Feudal Age
15:48 Double-Bit Axe
16:29 Gold Mining
17:28 Man-at-Arms
23:20 Scale Mail Armor
26:06 Wheelbarrow
32:31 Castle Age
32:06 Forging
34:54 Iron Casting
34:34 Chain Mail Armor
34:33 Squires
35:47 Crossbowman
35:50 Long Swordsman
36:15 Gambesons
40:29 Scale Barding Armor
41:19 Gold Shaft Mining
43:13 Fletching
43:24 Padded Archer Armor
44:54 Bow Saw
45:44 Husbandry
46:50 Murder Holes
47:17 Ballistics
Balmyboyy
10:28 Loom
12:13 Feudal Age
13:30 Fishing Lines
13:39 Double-Bit Axe
13:37 Horse Collar
14:56 Wheelbarrow
15:48 Gold Mining
21:52 Stone Mining
24:26 Castle Age
22:13 Man-at-Arms
25:08 Heavy Plow
25:22 Bow Saw
25:30 Hand Cart
25:05 Long Swordsman
26:09 Forging
29:20 Gillnets
30:54 Thumb Ring
34:46 Imperial Age
32:21 Crossbowman
34:46 Iron Casting
35:55 Conscription
38:05 Husbandry
39:58 Light Cavalry
43:46 Scale Barding Armor
43:37 Hussar
Connection lost

Rejoining the realm…

Still unreachable

The connection could not be restored.

Session expired

The server has moved on; the page needs a fresh start.